Map: [ESL] Amphion

Players

DnS - Winner!

  • Race: Protoss Protoss
  • Spawn Location: 11:00

milkicow

  • Race: Terran Terran
  • Spawn Location: 7:00

VOD

Have the link to the VOD?

Description

Time

  • Played on: April 17, 2024, 2:02 p.m.
  • Length: 22:01
Show
View Real Time Build Order
Export as new Build Order

DnS Protoss - Winner!

Build Orders: 1 Gate Expand, Phoenix Opening 

Get SALT Encoding   

  12  0:00  Probe  
  13  0:12  Probe  
  14  0:19  Pylon  
  14  0:24  Probe (Chrono Boost)  
  15  0:37  Probe (Chrono Boost)  
  15  0:38  Gateway  
  16  0:45  Probe (Chrono Boost)  
  16  0:46  Assimilator  
  17  0:51  Probe  
  18  1:04  Probe  
  19  1:16  Probe  
  20  1:24  Nexus  
  20  1:35  Cybernetics Core  
  20  1:38  Probe  
  21  1:45  Assimilator  
  21  1:50  Probe  
  22  1:57  Pylon  
  22  2:03  Probe  
  23  2:13  Adept (Chrono Boost)  
  23  2:15  Probe  
  26  2:20  Stargate  
  26  2:26  Warp Gate  
  26  2:28  Probe (Chrono Boost)  
  27  2:33  Adept (Chrono Boost)  
  27  2:36  Probe (Chrono Boost)  
  31  2:46  Probe (Chrono Boost)  
  31  2:47  Probe (Chrono Boost)  
  32  2:55  Adept  
  34  3:01  Probe  
  34  3:02  Probe  
  34  3:03  Phoenix  
  37  3:14  Probe (Chrono Boost)  
  37  3:18  Probe (Chrono Boost)  
  37  3:19  Pylon  
  39  3:23  Probe (Chrono Boost)  
  41  3:27  Probe (Chrono Boost)  
  41  3:28  Phoenix  
  41  3:29  Probe  
  44  3:37  Probe  
  44  3:41  Probe  
  46  3:47  Robotics Facility  
  46  3:48  Gateway  
  46  3:49  Probe  
  46  3:53  Probe  
  46  4:01  Probe  
  46  4:05  Probe  
  46  4:06  Phoenix (Chrono Boost)  
  49  4:14  Probe  
  50  4:17  Probe  
  50  4:20  Nexus  
  51  4:25  Pylon  
  51  4:26  Probe  
  51  4:30  Phoenix  
  54  4:37  Pylon  
  54  4:43  Probe x2  
  54  4:45  Immortal (Chrono Boost)  
  60  4:53  Assimilator  
  60  4:55  Probe x2, Assimilator  
  60  4:58  Pylon  
  62  5:05  Shield Battery  
  62  5:07  Phoenix  
  62  5:09  Probe x2  
  66  5:16  Pylon  
  66  5:17  Observer (Chrono Boost)  
  67  5:30  Probe x2  
  67  5:36  Probe  
  67  5:37  Immortal (Chrono Boost)  
  67  5:40  Robotics Bay  
  67  5:42  Probe x2 (Chrono Boost), Sentry  
  76  5:48  Probe (Chrono Boost)  
  77  5:54  Probe (Chrono Boost)  
  77  5:56  Twilight Council  
  79  5:58  Forge  
  79  6:00  Probe x2 (Chrono Boost)  
  79  6:03  Probe (Chrono Boost)  
  81  6:05  Probe (Chrono Boost), Phoenix  
  81  6:07  Probe (Chrono Boost)  
  81  6:08  Probe  
  86  6:14  Probe  
  86  6:17  Pylon  
  88  6:18  Probe  
  88  6:25  Colossus (Chrono Boost)  
  88  6:26  Charge  
  88  6:29  Probe  
  88  6:31  Protoss Ground Weapons Level 1 (Chrono Boost)  
  95  6:33  Pylon  
  95  6:36  Gateway  
  95  6:39  Gateway  
  95  6:40  Gateway  
  95  6:41  Gateway  
  95  6:48  Gateway  
  95  6:52  Gateway  
  95  6:54  Gateway  
  95  6:55  Gateway  
  95  6:59  Phoenix  
  97  7:05  Extended Thermal Lance  
  97  7:14  Colossus (Chrono Boost)  
  97  7:20  Nexus  
  103  7:22  Zealot x2  
  103  7:23  Pylon  
  103  7:27  Probe x2, Forge  
  109  7:43  Shield Battery  
  109  7:44  Probe x3  
  109  7:45  Photon Cannon  
  109  7:48  Zealot x4  
  120  8:03  Probe x3  
  120  8:04  Protoss Ground Armor Level 1 (Chrono Boost)  
  123  8:05  Zealot  
  123  8:09  Pylon  
  123  8:11  Pylon x2  
  125  8:19  Blink  
  125  8:21  Pylon  
  125  8:22  Pylon  
  125  8:25  Protoss Ground Weapons Level 2 (Chrono Boost)  
  125  8:26  Colossus (Chrono Boost)  
  125  8:27  Probe x2  
  125  8:29  Probe  
  125  8:32  Stalker x4  
  125  8:33  Probe  
  143  8:39  Probe, Robotics Facility  
  142  8:43  Probe x2  
  142  8:45  Assimilator, Probe  
  142  8:46  Zealot  
  145  8:54  Pylon  
  145  9:00  Zealot x3  
  151  9:11  Warp Prism (Chrono Boost)  
  153  9:17  Gravitic Drive  
  153  9:22  Stalker x3  
  153  9:23  Nexus, Zealot, Stalker  
  153  9:24  Zealot x3  
  169  9:27  Photon Cannon  
  169  9:31  Disruptor (Chrono Boost)  
  166  9:41  Observer  
  160  9:47  Disruptor (Chrono Boost)  
  160  9:50  Zealot x4  
  170  9:55  Pylon  
  170  10:01  Protoss Ground Armor Level 2 (Chrono Boost)  
  170  10:03  Disruptor (Chrono Boost)  
  170  10:04  Pylon  
  174  10:09  Shield Battery  
  174  10:10  Pylon  
  174  10:17  Zealot x7, Stalker x3  
  174  10:21  Disruptor  
  194  10:28  Dark Shrine  
  194  10:32  Gateway x2  
  194  10:39  Zealot x3  
  187  10:52  Zealot x7  
  185  11:01  Pylon x2  
  185  11:05  Disruptor  
  185  11:06  Disruptor  
  185  11:15  Zealot  
  187  11:23  Zealot x9  
  191  11:39  Protoss Ground Weapons Level 3 (Chrono Boost)  
  167  11:40  Shadow Stride (Chrono Boost)  
  167  11:46  Disruptor, Warp Prism  
  167  11:48  Nexus  
  167  11:49  Dark Templar x2  
  167  11:53  Zealot x8  
  187  11:56  Pylon  
  153  12:14  Zealot x9  
  114  12:35  Zealot x2  
  114  12:36  Zealot x8  
  112  13:03  Protoss Ground Armor Level 3 (Chrono Boost)  
  112  13:04  Probe x3  
  112  13:05  Probe  
  116  13:12  Dark Templar x2  
  120  13:16  Nexus  
  120  13:25  Observer, Zealot x8  
  136  13:34  Zealot x2  
  136  13:39  Pylon  
  136  13:40  Probe x4  
  144  13:45  Zealot x3  
  129  13:59  Colossus  
  129  14:01  Zealot  
  129  14:02  Zealot x2  
  129  14:11  Zealot x4  
  131  14:17  Zealot x2  
  131  14:18  Zealot  
  131  14:20  Probe x2  
  131  14:21  Probe  
  122  14:39  Probe x2  
  122  14:43  Dark Templar, Templar Archives  
  122  14:44  Dark Templar x5  
  136  14:46  Dark Templar  
  136  14:48  Sentry x2  
  140  14:53  Dark Templar x2  
  140  15:03  Stalker  
  140  15:13  Stalker x2  
  144  15:16  Stalker x6  
  152  15:27  Zealot x3  
  152  15:28  Zealot  
  110  15:37  Stalker x2  
  110  15:41  Zealot x6  
  119  15:47  Zealot x3  
  125  15:50  Stalker  
  127  16:01  Stalker x4  
  133  16:07  Zealot x3  
  131  16:16  Zealot x4  
  125  16:24  Colossus (Chrono Boost)  
  131  16:27  Colossus (Chrono Boost)  
  137  16:33  Dark Templar  
  139  16:40  Sentry  
  139  16:42  Assimilator  
  139  16:45  Stalker x3  
  147  16:47  Probe x4  
  149  17:00  Dark Templar  
  144  17:16  Zealot  
  144  17:17  Zealot x10  
  164  17:30  Nexus  
  164  17:38  Colossus (Chrono Boost)  
  164  17:39  Colossus (Chrono Boost)  
  172  17:48  Probe x2  
  172  17:49  Probe x2  
  174  17:56  Pylon  
  170  18:02  Zealot x4  
  170  18:03  Zealot  
  168  18:07  Dark Templar  
  170  18:29  Zealot x3, Sentry  
  170  18:30  Stalker x2  
  170  18:31  Stalker  
  170  18:33  Zealot x2  
  188  18:35  Shield Battery  
  188  18:46  Phoenix (Chrono Boost)  
  172  19:02  Zealot x12  
  137  19:22  Stalker  
  137  19:23  Stalker x7  
  147  19:33  Dark Templar  
  147  19:34  Zealot x3  
  135  19:46  Zealot x6  
  142  20:03  Sentry  
  142  20:04  Dark Templar  
  142  20:05  Pylon  
  146  20:08  Zealot  
  146  20:13  Zealot x7  
  158  20:33  Nexus  
  158  20:35  Pylon  
  158  20:37  Probe x5  
  158  20:42  Assimilator  
  163  20:44  Stalker x5  
  163  20:45  Zealot x4  
  179  20:59  Zealot x2  
  181  21:11  Zealot x9  
  175  21:16  Shield Battery  
  171  21:32  Zealot x10  
Show
View Real Time Build Order
Export as new Build Order

milkicow Terran 

Build Orders: Reaper Expand 

Get SALT Encoding   

  12  0:00  SCV  
  13  0:12  SCV  
  14  0:17  Supply Depot  
  14  0:24  SCV  
  15  0:39  SCV  
  15  0:40  Barracks  
  16  0:45  Refinery  
  16  0:51  SCV  
  17  1:03  SCV  
  18  1:15  SCV  
  19  1:27  Orbital Command, Reaper  
  20  1:42  Command Center  
  20  1:50  Supply Depot  
  20  1:53  SCV  
  21  1:59  Marine  
  22  2:05  SCV  
  23  2:10  Factory  
  23  2:17  Bunker  
  23  2:18  SCV  
  24  2:22  Barracks Reactor  
  24  2:26  Refinery  
  24  2:30  SCV  
  25  2:42  SCV  
  26  2:54  SCV, Hellion  
  26  2:58  Orbital Command  
  29  3:02  Starport  
  29  3:05  Marine x2  
  28  3:06  SCV  
  31  3:15  Cyclone  
  31  3:18  SCV  
  34  3:23  SCV  
  34  3:25  Marine  
  34  3:26  Marine  
  37  3:30  SCV  
  38  3:35  SCV  
  39  3:42  Supply Depot, Viking  
  39  3:43  SCV  
  39  3:48  SCV  
  43  3:49  Cyclone  
  43  3:55  SCV  
  46  3:58  Marine x2  
  46  4:04  SCV  
  46  4:05  Supply Depot  
  46  4:07  SCV  
  48  4:13  Command Center  
  48  4:16  SCV  
  49  4:17  Marine  
  49  4:20  SCV  
  52  4:28  SCV, Supply Depot  
  53  4:31  Barracks  
  53  4:32  SCV, Factory Tech Lab  
  53  4:36  Marine x2  
  53  4:37  Barracks  
  55  4:41  Starport Tech Lab  
  55  4:45  SCV  
  56  4:49  SCV  
  56  4:51  Supply Depot  
  60  4:52  Siege Tank  
  60  4:55  Engineering Bay  
  60  4:58  Engineering Bay  
  60  4:59  SCV  
  61  5:00  Marine  
  61  5:01  Marine  
  61  5:04  SCV  
  63  5:11  SCV  
  63  5:12  Starport Reactor  
  63  5:14  Refinery  
  64  5:15  Refinery  
  64  5:17  SCV  
  64  5:18  Marine x2  
  67  5:23  SCV  
  67  5:25  Terran Infantry Weapons Level 1, Terran Infantry Armor Level 1  
  68  5:28  Stimpack  
  68  5:30  Orbital Command  
  65  5:39  SCV x2  
  65  5:41  Marine  
  65  5:42  Marine  
  69  5:47  Marauder  
  71  5:51  Combat Shield, SCV  
  71  5:55  Barracks, Factory Tech Lab  
  72  5:58  Barracks  
  72  5:59  SCV, Orbital Command, Marine  
  73  6:05  Medivac x2  
  73  6:10  SCV, Marauder, Marine  
  81  6:12  SCV  
  81  6:18  Marauder, Marine  
  84  6:22  Siege Tank  
  87  6:27  SCV x2  
  87  6:31  SCV  
  87  6:32  Marine  
  92  6:33  Marauder  
  92  6:34  Missile Turret  
  93  6:42  Supply Depot x2  
  93  6:45  SCV, Missile Turret  
  93  6:56  Barracks Tech Lab, Barracks Reactor  
  93  6:57  Armory  
  93  7:02  Supply Depot  
  93  7:03  SCV x2, Medivac  
  93  7:04  SCV, Marauder x2, Marine  
  93  7:06  Supply Depot  
  93  7:07  Medivac  
  93  7:08  Marine  
  106  7:12  Siege Tank  
  109  7:16  SCV  
  109  7:24  SCV x2, Marauder, Marine  
  109  7:25  Marauder  
  109  7:26  Supply Depot  
  109  7:28  SCV  
  109  7:29  Supply Depot  
  117  7:30  Marine  
  117  7:31  Marauder  
  117  7:35  Marine  
  117  7:36  SCV, Ghost Academy  
  122  7:38  SCV  
  123  7:45  Marine  
  123  7:47  SCV  
  123  7:48  Marauder  
  123  7:50  Refinery  
  123  7:51  Refinery  
  127  7:52  Supply Depot  
  127  7:54  Command Center  
  127  7:58  SCV  
  128  7:59  SCV x2  
  128  8:02  Siege Tank  
  128  8:04  Supply Depot  
  128  8:05  Supply Depot, Marine  
  133  8:06  Marauder  
  133  8:08  Ghost  
  133  8:09  Ghost  
  139  8:16  Supply Depot, SCV  
  139  8:18  SCV  
  141  8:20  SCV  
  141  8:24  Marine  
  141  8:26  Ghost  
  143  8:28  SCV  
  143  8:31  SCV  
  143  8:32  Marine  
  148  8:35  Siege Tank  
  148  8:37  Ghost  
  148  8:39  Marauder  
  155  8:44  SCV  
  155  8:45  Viking x2  
  155  8:46  Marine  
  161  8:52  Sensor Tower  
  160  8:56  Barracks, Marauder  
  160  8:57  Barracks  
  160  8:58  Barracks  
  160  8:59  Marine  
  160  9:00  Marauder  
  165  9:03  Supply Depot  
  165  9:04  SCV  
  165  9:05  Marine x2  
  165  9:06  Marauder  
  170  9:10  Marine  
  170  9:16  SCV, Ghost  
  172  9:17  Marine  
  172  9:19  SCV  
  172  9:21  Marauder  
  178  9:26  Supply Depot, Marine  
  178  9:28  Marauder  
  178  9:29  Marine  
  182  9:37  Marine  
  182  9:42  Ghost  
  182  9:46  Marauder  
  182  9:47  Planetary Fortress  
  182  9:48  Ghost  
  182  9:52  SCV, Command Center  
  186  9:55  Marine  
  186  9:56  Barracks Tech Lab x2  
  186  9:58  Marine  
  188  10:01  Viking x2  
  188  10:04  Marine  
  188  10:05  Marine  
  188  10:06  Barracks Tech Lab  
  194  10:07  Marauder  
  194  10:11  Marauder  
  194  10:12  Marine, Missile Turret  
  199  10:16  Marine  
  199  10:25  Marine  
  199  10:26  Marauder  
  200  10:37  Marine  
  196  10:46  Marine  
  196  10:47  SCV, Marauder  
  198  10:54  SCV  
  199  11:03  Terran Infantry Weapons Level 2, Terran Infantry Armor Level 2  
  199  11:04  Refinery x2  
  199  11:05  Command Center  
  199  11:06  Command Center x2  
  199  11:07  Command Center  
  193  11:12  Marine  
  193  11:17  SCV  
  183  11:27  Marauder, Marine  
  183  11:29  Marine  
  183  11:30  Marauder  
  185  11:35  Ghost  
  185  11:39  Marauder, Marine  
  171  11:40  Marauder, Marine  
  171  11:41  SCV x2  
  171  11:45  Marauder, Marine  
  179  11:47  Marine  
  179  11:48  SCV  
  179  11:49  Marauder, Liberator x2  
  179  11:50  Siege Tank  
  179  11:51  Terran Ship Weapons Level 1  
  179  11:52  Starport  
  192  11:57  SCV  
  179  12:12  Marine  
  179  12:13  Marauder x2, Marine  
  179  12:15  Marauder, Marine x3  
  166  12:16  Marauder x2  
  166  12:19  Orbital Command x3  
  169  12:28  SCV x2  
  169  12:29  Planetary Fortress  
  168  12:33  Ghost  
  168  12:35  Marine  
  168  12:36  Marauder  
  166  12:42  Marauder, Marine x2  
  166  12:43  Marauder  
  170  12:51  Marauder, Marine  
  151  12:56  Marine  
  151  12:57  Ghost, Marauder  
  146  13:00  Siege Tank, Liberator, Marine x2  
  146  13:01  Liberator  
  146  13:02  Marauder  
  146  13:04  Marauder  
  157  13:07  SCV  
  157  13:08  Starport Reactor  
  157  13:10  Fusion Core  
  158  13:13  Orbital Command  
  158  13:19  Marine  
  161  13:20  SCV, Marauder  
  161  13:23  Marine  
  161  13:24  Marauder  
  161  13:26  SCV  
  164  13:37  Siege Tank  
  164  13:39  SCV  
  161  13:42  Liberator  
  167  13:52  Marine  
  167  13:53  Marauder  
  166  14:01  Viking, Marauder x2, Marine  
  166  14:02  Terran Ship Weapons Level 2, Advanced Ballistics  
  171  14:07  SCV  
  171  14:09  Sensor Tower  
  165  14:11  Marauder, Marine x2  
  165  14:14  Marauder, Marine  
  165  14:15  Marauder  
  169  14:21  Marine  
  169  14:22  Liberator  
  169  14:23  Marauder x2  
  169  14:25  Marine  
  169  14:29  Marine  
  169  14:30  SCV  
  167  14:31  Viking  
  167  14:33  SCV, Terran Infantry Armor Level 3, Marauder, Terran Infantry Weapons Level 3  
  167  14:36  Marauder  
  171  14:38  Marine  
  171  14:39  Marauder  
  171  14:40  Refinery  
  171  14:41  Refinery  
  171  14:42  Command Center  
  174  14:50  Ghost  
  176  14:55  Siege Tank  
  179  15:01  Viking  
  179  15:02  Marauder, Marine  
  184  15:13  Marine  
  184  15:14  Marauder  
  187  15:20  Liberator  
  188  15:25  Ghost  
  188  15:28  Marauder, Marine x2  
  163  15:30  Marine  
  163  15:31  Liberator, Marauder  
  163  15:33  Orbital Command  
  163  15:34  Ghost  
  163  15:35  Marauder, Marine x2  
  144  15:42  SCV  
  137  15:43  Orbital Command  
  137  15:44  Missile Turret  
  137  15:45  Marine  
  137  15:46  Marine  
  137  15:48  Marine  
  141  15:50  Marauder  
  141  15:52  Marauder, Marine x2  
  141  15:54  Marauder, Missile Turret  
  141  15:56  Ghost  
  141  15:57  Missile Turret  
  146  16:02  Ghost  
  146  16:03  Medivac, Marine  
  145  16:04  Marine  
  145  16:07  Marine  
  145  16:10  Ghost  
  125  16:14  Marauder  
  125  16:15  Ghost  
  125  16:18  Marine  
  129  16:20  Orbital Command  
  129  16:23  SCV x4  
  129  16:25  Marauder  
  127  16:27  Marine  
  124  16:34  SCV  
  124  16:38  SCV  
  124  16:39  SCV, Marauder  
  128  16:45  SCV x2  
  130  16:50  SCV  
  130  16:53  Marine  
  134  16:54  Medivac, Marauder  
  134  16:57  Medivac  
  134  16:59  SCV x2  
  134  17:00  SCV x2  
  137  17:07  SCV, Marauder, Marine  
  138  17:08  Orbital Command  
  138  17:12  Ghost  
  138  17:13  Marine  
  138  17:14  Marauder, Marine  
  129  17:18  Ghost  
  129  17:20  SCV  
  122  17:24  Medivac  
  122  17:28  SCV x2  
  122  17:29  SCV x2  
  126  17:32  SCV, Refinery  
  126  17:35  Medivac  
  129  17:42  SCV x2  
  129  17:44  SCV x2  
  133  17:45  SCV  
  133  17:46  SCV  
  133  17:47  Refinery  
  133  17:49  Marauder, Marine  
  138  17:52  Marauder, Marine  
  138  17:57  Concussive Shells, Marauder  
  135  18:07  SCV x3  
  135  18:08  SCV  
  135  18:09  Marine  
  135  18:11  Marine  
  135  18:12  Marauder  
  143  18:15  SCV x2  
  143  18:19  Marine  
  148  18:31  SCV x3  
  148  18:33  SCV  
  150  18:39  Ghost, Marine  
  150  18:40  Marauder x2, Marine  
  148  18:56  Ghost  
  148  18:57  Marine  
  148  18:58  Marauder  
  148  18:59  Marine  
  148  19:01  Marauder  
  145  19:03  Marine  
  145  19:04  Medivac, Marauder  
  145  19:05  SCV  
  144  19:11  Ghost  
  132  19:18  Ghost, Marine  
  132  19:19  SCV  
  132  19:22  Marauder  
  132  19:23  SCV, Marine  
  136  19:25  Marauder  
  136  19:30  Ghost  
  121  19:40  Ghost  
  121  19:43  SCV  
  121  19:44  Marauder  
  121  19:45  Marine  
  126  19:47  Marauder  
  126  19:50  Marine  
  126  19:52  Marine  
  124  19:53  SCV  
  124  19:54  Marine  
  124  19:57  SCV  
  124  19:58  SCV  
  124  19:59  SCV  
  125  20:01  Liberator  
  128  20:07  SCV  
  128  20:11  Factory Reactor, Sensor Tower, Marine  
  128  20:13  Liberator  
  133  20:18  Liberator  
  133  20:20  Marauder, Marine  
  139  20:26  SCV  
  139  20:27  SCV  
  141  20:28  Marine  
  141  20:29  Marauder, Marine  
  145  20:37  SCV, Marauder, Marine  
  145  20:38  SCV  
  145  20:42  Marauder x2, Marine x2  
  155  20:44  Liberator  
  158  20:52  SCV  
  158  20:54  Marine  
  158  20:55  Marauder  
  158  20:56  Liberator  
  163  20:58  Widow Mine x2  
  163  21:00  Liberator  
  163  21:03  Marine  
  173  21:04  Marauder  
  173  21:09  Ghost  
  173  21:10  Marine  
  173  21:11  SCV, Marauder  
  162  21:21  Sensor Tower  
  154  21:26  Marauder, Marine x2  
  154  21:27  Marauder  
  154  21:28  Viking  
  154  21:32  Widow Mine x2  
Tags
 
Add a new tag
Caveats
  • Supply blocks, unpowered buildings, or Contaminate may cause inaccurate times.
  • Supply counts are checked every 10 seconds.